 Dungeon Crawl Stone Soup version 0.29-a0-284-gf9362112df (webtiles) character file.

Game seed: 12556019750764262840

65 YayAnonymity the Shield-Bearer (level 4, 0/35 HPs)
             Began as a Formicid Fighter on Mar 17, 2022.
             Killed by nerve-wracking pain
             ... invoked by an orc priest
              (12 damage)
             ... on level 3 of the Dungeon.
             The game lasted 00:01:48 (2206 turns).

YayAnonymity the Shield-Bearer (Formicid Fighter)   Turns: 2206, Time: 00:01:48

Health: 0/35       AC:  7    Str: 22    XL:     4   Next: 34%
Magic:  4/4        EV: 10    Int:  8    God:
Gold:   74         SH:  4    Dex: 10    Spells: 3/3 levels left

rFire   . . .      SeeInvis +   a - +0 war axe
rCold   . . .      Faith    .   c - +0 buckler
rNeg    . . .      Spirit   .   f - +3 leather armour
rPois   .          Reflect  .   (helmet unavailable)
rElec   .          Harm     .   g - +0 cloak
rCorr   .          Rampage  .   (no gloves)
Will    .....                   (no boots)
Stlth   +.........              (no amulet)
HPRegen 0.11/turn               (no ring)
MPRegen 0.09/turn               (no ring)

@: no status effects
A: permanent stasis, dig shafts and tunnels, antennae 3, four strong arms
a: Dig, Shaft Self


You were on level 3 of the Dungeon.
You visited 1 branch of the dungeon, and saw 3 of its levels.

You collected 74 gold pieces.

Inventory:

Hand Weapons
 a - a +0 war axe (weapon)
Missiles
 d - 3 poisoned darts (quivered)
Armour
 c - a +0 buckler (worn)
 f - a +3 leather armour (worn)
 g - a +0 cloak (worn)
Scrolls
 b - a scroll of enchant armour {unknown}
 e - 3 scrolls of identify {unknown}
 h - a scroll of fog {unknown}


   Skills:
 - Level 3.2 Fighting
 + Level 3.3 Axes
 - Level 3.2 Armour
 + Level 4.8 Shields


You had 3 spell levels left.
You didn't know any spells.
Your spell library was empty.

Dungeon Overview and Level Annotations

Branches:
Dungeon (3/15)

Altars:


Innate Abilities, Weirdness & Mutations

You cannot be hasted, slowed, berserked, paralysed or teleported.
You can dig through walls and to a lower floor.
You have a pair of large antennae on your head. (SInv)
Your four strong arms can wield two-handed weapons with a shield.


Message History

No target in view!
Done exploring.
Done exploring.
There is a stone staircase leading down here.
You climb downwards.
There is a stone staircase leading up here.
There is a stone staircase leading up here.
Found a stone staircase leading up.
You sense a monster nearby.
You sense a monster nearby.
An orc priest comes into view. It is wielding a +0 hand axe.
The orc priest shouts!
An orc comes into view. It is wielding a +0 flail.
Found a short sword.
The orc shouts!
The orc priest hits you but does no damage.
You closely miss the orc priest. The orc priest closely misses you.
You closely miss the orc priest. You slash the orc!
You kill the orc!
You hit the orc priest but do no damage.
The orc priest closely misses you.
An orc comes into view. It is wielding a +0 whip.
The orc priest hits you with a +0 hand axe!
You barely miss the orc priest.
The orc shouts!
The orc priest casts a cantrip, but nothing happens.
You closely miss the orc priest. The orc priest barely misses you.
You hit the orc priest.
The orc priest is lightly wounded.
The orc priest mumbles some strange prayers to Beogh against you.
Beogh smites you!
The orc priest hits you with a +0 hand axe.
The orc throws a boomerang.
The boomerang hits you but does no damage.
You hit the orc priest but do no damage.
The orc priest is lightly wounded.
The orc priest mumbles some strange prayers to Beogh against you.
Pain shoots through your body!
You die...

#### ####.. ).
..#.## #.#####....##
##...........#
......oo.....# #.#
########@.#.#.# #.#
............#.# #.#
.#####....###.# #.#
#..........# #.#
#......###.###.#####
#..<.#......##.....#
#...............##.#
#......###..###.##.#
##.##### #..###<##.#


You could see an orc priest and an orc.

Vanquished Creatures
  3 adders (D:2)
  2 worms (D:2)
  2 dart slugs
  An orc (D:3)
  3 ball pythons
  4 bats
  3 endoplasms (D:2)
  2 giant cockroaches (D:2)
  3 goblins (D:2)
  A kobold (D:1)
  A frilled lizard (D:1)
  3 rats
28 creatures vanquished.

Vanquished Creatures (others)
  A fungus (D:1)
  A plant (D:1)
2 creatures vanquished.

Grand Total: 30 creatures vanquished

Notes
Turn   | Place    | Note
-------+----------+-------------------------------------------
     0 | D:1      | YayAnonymity the Formicid Fighter began the quest for the
                  | Orb.
     0 | D:1      | Reached XP level 1. HP: 18/18 MP: 1/1
    99 | D:1      | Found a faded altar of an unknown god.
   523 | D:1      | Reached skill level 4 in Shields
   523 | D:1      | Reached XP level 2. HP: 24/24 MP: 2/2
  1128 | D:2      | Reached XP level 3. HP: 10/29 MP: 3/3
  1794 | D:2      | Reached XP level 4. HP: 35/35 MP: 4/4
  2206 | D:3      | Killed from afar by an orc priest

Illustrated notes

Levels and vault maps discovered:
D:1:      kennysheep_arrival_forest, layout_basic,
          shapermc_ecumenical_altar_mp_ritualfount
D:2:      layout_loops_ring, corexii_leaking_fountain
D:3:      layout_loops_ring, nicolae_overflow_hidden_temple, serial_shops,
          nicolae_shop_behind_doors, shop, serial_bayou_pond_e,
          minmay_misc_feat_ornament, minmay_between

Skill      XL: |  1  2  3 |
---------------+----------+-----
Shields        | 4 |  4.8
Axes           | 3 |  3.3
Fighting       | |  3.2
Armour         | |  3.2

Action                   |  1- 3 |  4- 6 || total
-------------------------+-------+-------++-------
Melee: War axe           |    90 |    19 ||   109
  Use: Potion            |     2 |       ||     2
Armor: Scale mail        |    24 |       ||    24
       Leather armour    |    35 |     9 ||    44
Dodge: Dodged            |    48 |    14 ||    62
Block: Buckler           |    23 |     4 ||    27

Table legend: (Time is in decaauts)
 A = Elapsed time spent in this place.
 B = Non-inter-level travel time spent in this place.
 C = Inter-level travel time spent in this place.
 D = Time resting spent in this place.
 E = Time spent auto-exploring this place.
 F = Levels seen in this place.
 G = Mean time per level.
                   A        B        C        D        E       F      G
               +--------+--------+--------+--------+--------+-----+--------+
         Total |   2250 |   2176 |     74 |      0 |   1842 |   3 |  750.0 |
       Dungeon |   2250 |   2176 |     74 |      0 |   1842 |   3 |  750.0 |
               +--------+--------+--------+--------+--------+-----+--------+

Top non-repeatable levels by time:
     D:2: 1175 daAuts
     D:1: 1037 daAuts
     D:3: 37 daAuts
